 Dungeon Crawl Stone Soup version 0.17-a0-2200-gff76b6b (webtiles) character file.

444 Helmschank the Cutter (level 7, 0/34 HPs)
             Began as a Vine Stalker Assassin on Oct 26, 2015.
             Succumbed to a water moccasin's poison
             ... on level 4 of the Dungeon.
             The game lasted 00:28:15 (3542 turns).

Helmschank the Cutter (Vine Stalker Assassin)       Turns: 3542, Time: 00:28:15

Health: 0/34       AC:  6    Str: 14    XL:     7   Next: 3%
Magic:  0/8        EV: 18    Int: 18    God:
Gold:   189        SH:  4    Dex: 20    Spells: 0 memorised, 6 levels left

rFire  . . .     SeeInvis .     w - +3 dagger
rCold  . . .     Clarity  .     c - +0 robe
rNeg   . . .     SustAt   .     t - +0 buckler
rPois  .         Gourm    .     (no helmet)
rElec  .         Spirit   +     d - +0 cloak
rCorr  .         Warding  .     u - +0 pair of gloves
rMut   .         Stasis   .     m - +1 pair of boots
MR     .....                    h - amulet of inaccuracy
Stlth  ++++......               (no ring)
                                (no ring)

@: brilliant, agile, lethally poisoned (0 -> -2), not resistant to hostile
enchantments, stealthy
A: fangs 2, regeneration 2, magic shield, antimagic bite, no device heal 3, rot
immunity
a: no special abilities


You were on level 4 of the Dungeon.
You were not hungry.

You visited 1 branch of the dungeon, and saw 4 of its levels.

You collected 189 gold pieces.

Inventory:

Hand Weapons
 e - a +0 blowgun
 w - a +3 dagger (weapon)
 B - a +3 dagger
Missiles
 b - 31 poisoned needles
 f - a curare-tipped needle
 y - a tomahawk (quivered)
 U - 61 stones
Armour
 c - a +0 robe (worn)
 d - a +0 cloak (worn)
 m - a +1 pair of boots (worn)
 t - a +0 buckler (worn)
 u - a +0 pair of gloves (worn)
Jewellery
 h - an amulet of inaccuracy (around neck)
Wands
 j - a wand of frost (48)
Scrolls
 a - a scroll of fog
 i - 3 scrolls of fear
 k - a scroll of enchant armour
 l - a scroll of immolation
 p - a scroll of magic mapping
Potions
 n - a potion of resistance
Comestibles
 g - 2 bread rations
 o - 4 meat rations
 r - 2 beef jerkies
 x - 3 chunks of flesh
 A - a royal jelly


   Skills:
 - Level 1.7 Fighting
 * Level 5.5 Short Blades
 - Level 1.7 Throwing
 - Level 3.0 Dodging
 - Level 4.8 Stealth
 + Level 1.0 Shields


You had 6 spell levels left.
You didn't know any spells.

Dungeon Overview and Level Annotations

Branches:
Dungeon (4/15)
 Temple: D:4-7

Altars:
Dithmenos
Yredelemnul

Annotations:
D:4 Edmund


Innate Abilities, Weirdness & Mutations

You have extremely sharp teeth.
You heal very quickly.
When hurt, damage is shared between your health and your magic reserves.
Your bite disrupts and absorbs the magic of your enemies.
Potions and wands cannot restore your health.
You are immune to rotting.


Message History

You feel agile all of a sudden.
You feel sick. The water moccasin misses you.
Drink which item? (? for menu, Esc to quit)
It was a potion of heal wounds.
That seemed strangely inert.
You feel sick. The water moccasin bites you!
* * * LOW HITPOINT WARNING * * *
The water moccasin barely misses you.
Drink which item? (? for menu, Esc to quit)
It was a potion of brilliance.
You feel clever all of a sudden.
You feel sick. The water moccasin bites you.
* * * LOW MAGIC WARNING * * *;
* * * LOW HITPOINT WARNING * * *
You feel sick.
You feel sick.
The water moccasin bites you but does no damage.
Unknown command.
You feel sick.
You feel sick. The water moccasin bites you.
* * * LOW MAGIC WARNING * * *;
* * * LOW HITPOINT WARNING * * *
You die...

#............#.# #.####
#.
#..#.#.#.#.#.#.#####....#
#.
#..#...........[.....##.#
#.
##...#.#.#.#.#.#####.##.#
##. ##...........#.###
#.##.# ##..
...###...........# #.##.#
#... ###.#.#.####<#.#.#
#.##.# #...
##.......#.#.#.# #.##.#
#...
#.#####.#.#.#@###.##.#
#... ####.#
#.#.......#.##.# #.##
.....# #.....#.#S..##.#
#.# ####.#
#.#####.#..###.# #.#
#.#####.......#..# #.#
#.# #.......#######..#
#.# #.## ######### #..#
#.######... #..#
#......#### #..#
######.....


You could see a water moccasin.

Vanquished Creatures
  An ogre (D:4)
  An iguana (D:4)
  2 orc priests (D:4)
  An orc wizard (D:4)
  5 worker ants (D:4)
  5 adders
  An ooze (D:4)
  An adder skeleton (D:4)
  2 worms
  2 giant geckos (D:1)
  6 orcs
  4 bats
  3 giant cockroaches
  6 goblins
  5 hobgoblins
  3 jackals (D:1)
  3 quokkas
  6 giant newts
  A jackal skeleton (D:4)
  9 kobolds
  6 rats
73 creatures vanquished.

Notes
Turn   | Place    | Note
--------------------------------------------------------------
     0 | D:1      | Helmschank the Vine Stalker Assassin began the quest for the Orb.
     0 | D:1      | Reached XP level 1. HP: 11/11 MP: 2/2
   121 | D:1      | Reached skill level 1 in Dodging
   272 | D:1      | Reached XP level 2. HP: 15/15 MP: 3/3
   988 | D:2      | Reached XP level 3. HP: 18/18 MP: 4/4
  1570 | D:3      | Reached XP level 4. HP: 23/23 MP: 5/5
  2152 | D:4      | Noticed a phantom
  2234 | D:4      | Reached XP level 5. HP: 26/26 MP: 6/6
  2373 | D:4      | Noticed a phantom
  2592 | D:4      | Noticed Edmund
  2929 | D:4      | Noticed an ogre
  2966 | D:4      | Killed an ogre
  2966 | D:4      | Gained mutation: You heal very quickly. [Vine Stalker growth]
  2966 | D:4      | Reached XP level 6. HP: 16/30 MP: 2/7
  3032 | D:4      | Found a basalt altar of Yredelemnul.
  3032 | D:4      | Found a shadowy altar of Dithmenos.
  3192 | D:4      | Reached skill level 5 in Short Blades
  3332 | D:4      | Noticed a water moccasin
  3386 | D:4      | Reached skill level 1 in Shields
  3386 | D:4      | Reached XP level 7. HP: 4/34 MP: 3/8
  3541 | D:4      | HP: 1/34 [water moccasin (3)]
  3542 | D:4      | Succumbed to a water moccasin's poison

Vault maps used:
D:1:      nicolae_arrival_somewhat_less_tricky_arrival
D:2:      serial_glass, glass_columns_b, glass_columns_c, feat_on_display,
          item_on_display_a, item_on_display_b, feat_on_display,
          minmay_misc_feat_rows
D:4:      gammafunk_temple_overflow_wave, serial_glass, glass_columns_a,
          glass_columns_a, glass_columns_b, glass_columns_b, glass_columns_a,
          glass_columns_c, glass_columns_b, glass_columns_b,
          kennysheep_generic_room_14, uniq_edmund

Action                   |  1- 3 |  4- 6 |  7- 9 || total
-------------------------+-------+-------+-------++-------
Melee: Dagger            |   119 |   228 |     9 ||   356
 Fire: Blowgun           |    10 |    25 |       ||    35
Throw: Stone             |    23 |     5 |       ||    28
       Tomahawk          |       |     7 |       ||     7
  Use: Scroll            |       |    10 |       ||    10
       Potion            |       |       |     4 ||     4
 Stab: Sleeping          |     7 |     6 |       ||    13
  Eat: Chunk             |     2 |     3 |     2 ||     7
       Pizza             |       |     1 |       ||     1
